 Dungeon Crawl Stone Soup version 0.18-a0-1774-gce1f7b6 (webtiles) character file.

3745 M4edhros the Martial Artist (level 10, -9/56 HPs)
             Began as an Octopode Necromancer on Apr 15, 2016.
             Was a Believer of Cheibriados.
             Mangled by a troll (14 damage)
             ... on level 10 of the Dungeon.
             The game lasted 00:52:12 (5143 turns).

M4edhros the Martial Artist (Octopode Necromancer)  Turns: 5143, Time: 00:52:12

Health: -9/56      AC:  1    Str: 15 (17) XL:     10   Next: 15%
Magic:  3/22       EV: 15    Int: 22 (24) God:    Cheibriados [**....]
Gold:   391        SH:  6    Dex: 21 (22) Spells: 5 memorised, 2 levels left

rFire  . . .     SeeInvis .       - Unarmed
rCold  . . .     Gourm    .     u - +0 buckler
rNeg   . . .     Faith    .     (helmet restricted)
rPois  .         Spirit   .     (no amulet)
rElec  .         Dismiss  .     B - ring of stealth
rCorr  .         Reflect  .     E - +4 ring of strength
SustAt .         Harm     .     x - ring of magical power
MR     .....                    (no ring)
Stlth  +++++.....               (no ring)
                                (no ring)
                                (no ring)
                                (no ring)

@: lethally poisoned (-9 -> -21), studying Ice Magic, very slow, not resistant
to hostile enchantments, quite stealthy
A: almost no armour, amphibious, 8 rings, constrict 8, camouflage 1, gelatinous
body 1
a: Bend Time, Renounce Religion


You were on level 10 of the Dungeon.
You worshipped Cheibriados.
Cheibriados was pleased with you.
You were very hungry.

You visited 2 branches of the dungeon, and saw 11 of its levels.

You collected 391 gold pieces.

Inventory:

Hand Weapons
 l - a +0 halberd
 m - a +2 dagger of draining
 n - a +0 hunting sling
 A - a +2 flail of protection
Missiles
 f - 7 steel sling bullets
 i - 57 poisoned needles
 j - 251 stones (quivered)
 s - 39 sling bullets
Armour
 u - a +0 buckler (worn)
Jewellery
 h - an uncursed ring of ice
 x - a ring of magical power (on tentacle)
 B - a ring of stealth (left tentacle)
 E - a +4 ring of strength (right tentacle)
Wands
 y - a wand of enslavement (0/24)
Scrolls
 c - a scroll of vulnerability {unknown}
 k - 6 scrolls of remove curse
 p - 3 scrolls of random uselessness {unknown}
 q - a scroll of enchant armour
 r - a scroll of recharging
 v - 2 scrolls of blinking {unknown}
 w - 3 scrolls of silence {unknown}
 M - a scroll of enchant weapon
Potions
 g - a potion of brilliance
 z - 2 potions of magic
 D - a potion of flight
Books
 a - a book of Necromancy

   Spells                             Type                      Level
   a - Pain                           Necromancy                   1
   b - Animate Skeleton               Necromancy                   1
   c - Vampiric Draining              Necromancy                   3
   d - Regeneration                   Charms/Necromancy            3
   e - Animate Dead                   Necromancy                   4
   f - Control Undead                 Necromancy                   4
 C - a manual of Ice Magic
 F - a book of Fire

   Spells                             Type                      Level
   a - Ignite Poison                  Fire/Transmutation/Poison    3
   b - Fireball                       Conjuration/Fire             5
   c - Bolt of Fire                   Conjuration/Fire             6
   d - Delayed Fireball               Conjuration/Fire             7
   e - Ring of Flames                 Charms/Fire                  7
 G - a book of Death

   Spells                             Type                      Level
   a - Corpse Rot                     Necromancy                   2
   b - Sublimation of Blood           Necromancy                   2
   c - Agony                          Necromancy                   5
   d - Dispel Undead                  Necromancy                   5
   e - Excruciating Wounds            Charms/Necromancy            5
   f - Bolt of Draining               Conjuration/Necromancy       5
Miscellaneous
 J - a lamp of fire (inert)
Comestibles
 b - 4 bread rations
 d - 5 chunks of flesh
 o - 2 meat rations
 t - a slice of pizza
 H - a royal jelly


   Skills:
 - Level 6.1 Slings
 + Level 3.8 Dodging
 - Level 2.6 Stealth
 - Level 5.4 Shields
 * Level 10.5 Unarmed Combat
 - Level 2.0 Spellcasting
 - Level 4.0 Necromancy
 + Level 2.6 Transmutations


You had 2 spell levels left.
You knew the following spells:

 Your Spells              Type           Power        Failure   Level  Hunger
a - Pain                  Necr           ###.         2%          1    #......
b - Regeneration          Chrm/Necr      ##........   17%         3    ###....
c - Vampiric Draining     Necr           ###.......   10%         3    ###....
d - Animate Skeleton      Necr           N/A          2%          1    #......
e - Ignite Poison         Fire/Trmt/Pois #.......     34%         3    ###....


Dungeon Overview and Level Annotations

Branches:
Dungeon (10/15)            Temple (1/1) D:7            Lair (0/8) D:8
    Orc: D:9-12

Altars:
Ashenzari
Cheibriados
Dithmenos
Kikubaaqudgha
Makhleb
Okawaru
Pakellas
Ru
Sif Muna
Trog
Vehumet
Xom
Yredelemnul
Zin
The Shining One

Shops:
D:7 (

Annotations:
D:4 exclusion: ogre
D:5 Blork the orc


Innate Abilities, Weirdness & Mutations

You cannot wear most types of armour.
You are amphibious.
You can wear up to eight rings at the same time.
You can use your tentacles to constrict eight enemies at once.
Your skin changes colour to match your surroundings (Stealth).
Your rubbery body absorbs attacks (AC +1).


Message History

You kill the killer bee!
Cheibriados thoroughly appreciates the change of pace.
You feel sick. The killer bee closely misses you.
Okay, then.
You don't have enough magic at the moment.
Okay, then.
You barely miss the troll.
The killer bee buzzes angrily.
You squeeze the troll, but do no damage.
You feel sick. The killer bee stings you! The troll bites you.
The troll barely misses you. You block the troll's attack.
You tentacle-slap the troll.
The troll is lightly wounded.
You block the killer bee's attack. The troll bites you!!
* * * LOW HITPOINT WARNING * * *
The troll barely misses you. The troll closely misses you.
You fail to use your ability.
* * * LOW HITPOINT WARNING * * *
You feel sick. The killer bee completely misses you. The troll bites you!
You die...

#.#.#.#...+ #..#....#
#...#'#...#..##..#....#
####.....y#..##..#....#
#.+.#....#..##..#....#
#.#......#..##..#....#
#.#......#..##..'....#
#.####...#..##..#....#
#....#..y#y.##..#.>..#
#....#...T@.##..#....#
#.##.'.#.#####..'..#.#
#######.##.#...# ####....#
......#.#..#...# #....#
......#.'..#...# #....#
#####.T.##.#...# #..#....#
......#.##.#...# ...#....#
......#.##.#...#####..#....#
......#.##.#.......#..#.##.#


You could see a troll and 2 killer bees.

Vanquished Creatures
  Grinder (D:5)
  A wyvern (D:9)
  Eustachio (D:5)
  A hippogriff (D:9)
  3 wargs (D:8)
  A water moccasin (D:3)
  A black bear (D:9)
  2 ice beasts
  2 ogres
  3 centaurs
  4 giant frogs
  5 killer bees
  5 howler monkeys
  4 wights (D:9)
  3 crimson imps
  6 hounds
  An orc priest (D:8)
  A giant frog skeleton (D:9)
  5 iguanas
  Ijyb (D:3)
  Jessica (D:2)
  3 orc wizards
  6 worker ants
  6 adders
  A shadow imp (D:8)
  An ooze (D:4)
  An adder zombie (D:4)
  An adder skeleton (D:4)
  3 worms (D:2)
  A dart slug (D:1)
  3 giant geckos
  14 orcs
  7 bats
  3 giant cockroaches
  9 goblins
  6 hobgoblins
  9 jackals
  5 kobolds
  4 quokkas
  2 ball pythons
  7 giant newts
  2 rats
146 creatures vanquished.

Vanquished Creatures (collateral kills)
  2 yaks (D:10)
  An ogre (D:8)
  An orc priest (D:8)
  A giant gecko (D:8)
5 creatures vanquished.

Vanquished Creatures (others)
  A yak (D:10)
1 creature vanquished.

Grand Total: 152 creatures vanquished

Notes
Turn   | Place    | Note
--------------------------------------------------------------
     0 | D:1      | M4edhros the Octopode Necromancer began the quest for the Orb.
     0 | D:1      | Reached XP level 1. HP: 11/11 MP: 3/3
   111 | D:1      | Reached skill level 1 in Unarmed Combat
   119 | D:1      | Reached XP level 2. HP: 13/17 MP: 0/5
   193 | D:1      | Reached skill level 2 in Unarmed Combat
   316 | D:1      | Reached XP level 3. HP: 2/21 MP: 0/6
   321 | D:1      | Learned a level 3 spell: Regeneration
   510 | D:2      | Reached skill level 3 in Unarmed Combat
   612 | D:2      | HP: 1/21 [goblin/stone (4)]
   678 | D:3      | Noticed Ijyb
   710 | D:3      | Killed Ijyb
   710 | D:3      | Reached XP level 4. HP: 10/27 MP: 1/7
   747 | D:3      | Noticed a water moccasin
   780 | D:3      | Killed a water moccasin
   780 | D:3      | Reached skill level 1 in Slings
   780 | D:3      | Reached skill level 4 in Unarmed Combat
   780 | D:3      | Reached XP level 5. HP: 27/31 MP: 3/8
   964 | D:4      | Reached XP level 6. HP: 19/36 MP: 1/9
  1017 | D:4      | Reached skill level 5 in Unarmed Combat
  1070 | D:5      | Entered Level 5 of the Dungeon
  1097 | D:5      | Noticed an ice beast
  1348 | D:5      | Noticed Eustachio
  1350 | D:5      | Noticed Blork the orc
  1654 | D:2      | Noticed Jessica
  1662 | D:2      | Reached XP level 7. HP: 34/41 MP: 10/10
  1687 | D:2      | Killed Jessica
  1687 | D:2      | Reached skill level 6 in Unarmed Combat
  1993 | D:6      | Reached skill level 1 in Shields
  2089 | D:6      | Gained mutation: You have a pair of small antennae on your head. [potion of mutation]
  2089 | D:6      | Gained mutation: You can translocate small distances at will. [potion of mutation]
  2089 | D:6      | Gained mutation: You are partially covered in yellow scales (AC +2). [potion of mutation]
  2366 | D:7      | Found a deep blue altar of Sif Muna.
  2411 | D:7      | Found Fuwese's Weapon Boutique.
  2488 | D:7      | Found a staircase to the Ecumenical Temple.
  2500 | Temple   | Entered the Ecumenical Temple
  2508 | Temple   | Became a worshipper of Cheibriados the Contemplative
  2675 | D:5      | Reached XP level 8. HP: 43/46 MP: 7/11
  2779 | D:5      | Noticed Grinder
  2786 | D:5      | Reached skill level 7 in Unarmed Combat
  2802 | D:5      | Killed Grinder
  2906 | D:5      | Killed Eustachio
  3471 | D:8      | Reached * piety under Cheibriados
  3471 | D:8      | Reached skill level 8 in Unarmed Combat
  3492 | D:8      | Reached skill level 5 in Slings
  3492 | D:8      | Reached skill level 5 in Shields
  3492 | D:8      | Reached XP level 9. HP: 35/51 MP: 2/12
  3500 | D:8      | Found a staircase to the Lair.
  4033 | D:8      | Found a shimmering altar of Xom.
  4063 | D:8      | Reached skill level 9 in Unarmed Combat
  4087 | D:8      | Reached ** piety under Cheibriados
  4222 | D:9      | Found a basalt altar of Yredelemnul.
  4223 | D:9      | Found a shadowy altar of Dithmenos.
  4281 | D:10     | Entered Level 10 of the Dungeon
  4452 | D:10     | Learned a level 3 spell: Vampiric Draining
  4454 | D:10     | Learned a level 1 spell: Animate Skeleton
  4458 | D:10     | Learned a level 3 spell: Ignite Poison
  4554 | D:10     | Noticed a troll
  4570 | D:9      | Reached skill level 1 in Transmutations
  4625 | D:9      | Reached skill level 10 in Unarmed Combat
  4724 | D:9      | Found a radiant altar of Vehumet.
  4724 | D:9      | Found a glowing silver altar of Zin.
  4724 | D:9      | Found a glowing golden altar of the Shining One.
  4777 | D:9      | Reached XP level 10. HP: 55/56 MP: 13/13
  4829 | D:9      | Lost mutation: You can translocate small distances at will. [potion of cure mutation]
  4829 | D:9      | Lost mutation: You are partially covered in yellow scales (AC +2). [potion of cure mutation]
  4829 | D:9      | Lost mutation: You have a pair of small antennae on your head. [potion of cure mutation]
  5143 | D:10     | Mangled by a troll

Vault maps used:
D:1:      saegor_arrival_simple_b, minmay_misc_feat_five, supply_closet_lemuel
D:2:      uniq_jessica
D:3:      elyvilon_altar_4, uniq_iyjb
D:4:      kennysheep_little_box, first_bread, minmay_misc_feat_cross
D:5:      st_stairs_10, minmay_misc_feat_enclosed, uniq_eustachio, uniq_grinder,
          uniq_blork_the_orc, uniq_pikel
D:7:      led_sif_pool, minmay_temple_entry_trees, basic_altar, serial_shops,
          nicolae_shop_waterfront
D:8:      erik_lair_orcish_takeover, the_bakery, xom_redecorated
D:9:      gammafunk_temple_overflow_claw, amethyst_overflow_temple_binary,
          grunt_decor_resistance, minmay_fountain_box
Temple:   circular_temple_12

Skill      XL: |  1  2  3  4  5  6  7  8  9 10 |
---------------+-------------------------------+-----
Unarmed Combat | 1 2 3 4 5 6 8 10 | 10.5
Slings         | 1 2 3 4 5 6 |  6.1
Shields        | 3 5 |  5.4
Dodging        | 3 |  3.8
Transmutations | 1 2 |  2.6
Stealth        | |  2.6
Spellcasting   | |  2.0
Necromancy     | |  4.0

Action                   |  1- 3 |  4- 6 |  7- 9 | 10-12 || total
-------------------------+-------+-------+-------+-------++-------
Melee: Unarmed           |     7 |    88 |   177 |    14 ||   286
       Constrict         |     5 |    17 |    48 |     2 ||    72
       Halberd           |    15 |     5 |       |       ||    20
       Tentacles         |     1 |    11 |    65 |     4 ||    81
       Punch             |     1 |     2 |    13 |     2 ||    18
       Flail             |       |       |    87 |     1 ||    88
 Fire: Hunting sling     |       |     2 |     8 |       ||    10
Throw: Stone             |       |     1 |     1 |       ||     2
 Cast: Pain              |    49 |    19 |    54 |       ||   122
       Regeneration      |     2 |     9 |    37 |    11 ||    59
       Vampiric Draining |       |       |     2 |    17 ||    19
Invok: Bend Time         |       |       |       |     1 ||     1
 Abil: Blink             |       |       |     2 |       ||     2
Evoke: Wand              |       |       |     6 |       ||     6
       Lamp of fire      |       |       |     1 |       ||     1
  Use: Potion            |     1 |     5 |     4 |     2 ||    12
       Scroll            |     1 |     5 |     4 |     2 ||    12
 Stab: Sleeping          |     1 |     2 |    12 |       ||    15
  Eat: Chunk             |       |     5 |    17 |     3 ||    25
Armor: Skin              |     1 |    34 |    51 |     8 ||    94
Dodge: Dodged            |     4 |    40 |   152 |    53 ||   249
Block: Buckler           |       |     1 |    91 |    23 ||   115
